 Dungeon Crawl Stone Soup version 0.22.1-1-ga44c0e5 (webtiles) character file.

156 Zebedee the Vandal (level 5, -8/26 HPs)
             Began as a Spriggan Arcane Marksman on Sept 29, 2018.
             Engulfed by a cloud of flame (16 damage)
             ... on level 4 of the Dungeon.
             The game lasted 00:07:46 (2783 turns).

Zebedee the Vandal (Spriggan Arcane Marksman)       Turns: 2783, Time: 00:07:47

Health: -8/26      AC:  5    Str:  5 (7)  XL:     5   Next: 15%
Magic:  8/8        EV: 24    Int: 13 (14) God:
Gold:   91         SH:  0    Dex: 22 (24) Spells: 5/6 levels left

rFire    . . .     SeeInvis +   a - +1 hunting sling
rCold    . . .     Gourm    .   (shield restricted)
rNeg     . . .     Faith    .   e - +0 robe
rPois    .         Spirit   .   (helmet restricted)
rElec    .         Reflect  .   s - +0 cloak
rCorr    .         Harm     .   (gloves unavailable)
MR       .....                  (boots unavailable)
Stlth    +++.......             m - amulet of the acrobat
HPRegen  0.00/turn              (no ring)
MPRegen  0.11/turn              (no ring)

@: agile, very quick
A: very small, unfitting armour, thin metallic scales 1, see invisible, agile 1,
herbivore, speed 3, inhibited regeneration, slow metabolism 2, no potion heal 1
a: no special abilities


You were on level 4 of the Dungeon.
You were not hungry.

You visited 1 branch of the dungeon, and saw 4 of its levels.

You collected 91 gold pieces.

Inventory:

Hand Weapons
 a - a +1 hunting sling (weapon)
 b - a +0 spear
 c - a cursed -3 club
 q - a +3 dagger of pain
Missiles
 d - 19 sling bullets (quivered)
 i - 60 stones
Armour
 e - a +0 robe (worn)
 s - a +0 cloak (worn)
Jewellery
 m - an amulet of the acrobat (around neck)
Scrolls
 k - 2 scrolls of immolation
 p - 4 scrolls of remove curse
Potions
 g - a potion of agility
 h - a potion of heal wounds
 o - 3 potions of curing
Comestibles
 f - 9 rations


   Skills:
 + Level 1.7 Fighting
 * Level 0.7 Polearms
 + Level 5.0 Slings
 + Level 3.3 Dodging
 - Level 1.3 Spellcasting
 - Level 4.3 Hexes


You had 5 spell levels left.
You knew the following spells:

 Your Spells              Type           Power        Failure   Level  Hunger
a - Corona                Hex            ##.....      4%          1    ##.....

Your spell library contained the following spells:

 Spells                   Type           Power        Failure   Level  Hunger
 Slow                     Hex            ##......     7%          2    ###....
 Inner Flame              Hex/Fire       #.......     32%         3    ####...
 Portal Projectile        Hex/Tloc       #.....       32%         3    ####...
 Sublimation of Blood     Necr           #.........   38%         2    ###....
 Cause Fear               Hex            ##........   41%         4    #####..
 Ignite Poison            Fire/Tmut/Pois #.......     63%         3    ####...
 Leda's Liquefaction      Hex/Erth       #.........   73%         4    #####..
 Petrify                  Tmut/Erth      #.......     95%         4    #####..
 Alistair's Intoxication  Tmut/Pois      #.......     100%        5    ######.
 Irradiate                Conj/Tmut      #.........   100%        5    ######.


Dungeon Overview and Level Annotations

Branches:
Dungeon (4/15)
 Temple: D:4-7

Altars:

Annotations:
D:3 Natasha


Innate Abilities, Weirdness & Mutations

You are very small and have problems with some larger weapons.
You are too small for most types of armour.
You have supernaturally acute eyesight. (SInv)
You are a herbivore.
You cover ground extremely quickly.
You need to consume almost no food.
You are partially covered in thin metallic scales. (AC +2)
You are agile. (Dex +2)
You do not regenerate when monsters are visible.
Potions are less effective at restoring your health.


Message History

You shoot a sling bullet.
The sling bullet closely misses the hound.
The sling bullet hits the giant cockroach but does no damage.
The giant cockroach is heavily wounded.
The hound misses you. The hound completely misses you.
The orc completely misses you.
Firing (i - inventory. (/) - cycle)
d - 20 sling bullets (quivered)
Press: ? - help, Shift-Dir - straight line, f/p - hound
Aim: a hound (almost dead, inner flame)
You shoot a sling bullet. The sling bullet hits the hound.
The hound explodes!
The fiery explosion engulfs the giant cockroach.
You kill the giant cockroach!
The fiery explosion engulfs you!
Your Slings skill increases to level 5!
You have reached level 5!
You feel agile.
You are engulfed in blazing flames.
Ouch! That really hurt!
You die...

#.#
#(#
#.#
#.#
#%#
#.#
#§#
#§#
#@#
#o#
#o#
#o#
#o#
..#
.(.
.##


You could see 2 orc priests and 2 orcs.

Vanquished Creatures
  A hound (D:4)
  Crazy Yiuf (D:2)
  Terence (D:2)
  2 adders (D:2)
  2 worms
  A dart slug (D:1)
  3 leopard geckos
  7 bats
  2 giant cockroaches
  5 goblins
  3 hobgoblins (D:1)
  3 jackals (D:1)
  A frilled lizard (D:2)
  6 kobolds
  6 rats
44 creatures vanquished.

Notes
Turn   | Place    | Note
-------+----------+-------------------------------------------
     0 | D:1      | Zebedee the Spriggan Arcane Marksman began the quest for
                  | the Orb.
     0 | D:1      | Reached XP level 1. HP: 9/9 MP: 3/3
   179 | D:1      | Reached XP level 2. HP: 14/14 MP: 5/5
   386 | D:1      | Reached skill level 3 in Slings
   535 | D:1      | Reached skill level 1 in Fighting
   794 | D:1      | Reached XP level 3. HP: 16/18 MP: 6/6
  1772 | D:2      | Found a runed door.
  1802 | D:2      | Noticed Terence
  1891 | D:2      | Killed Terence
  1891 | D:2      | Reached skill level 4 in Slings
  1891 | D:2      | Reached XP level 4. HP: 20/22 MP: 7/7
  2443 | D:2      | Noticed Crazy Yiuf
  2524 | D:2      | Killed Crazy Yiuf
  2685 | D:3      | Noticed Natasha
  2771 | D:4      | Gained mutation: Potions are less effective at restoring
                  | your health. [potion of mutation]
  2771 | D:4      | Gained mutation: You are agile. (Dex +2) [potion of
                  | mutation]
  2771 | D:4      | Gained mutation: You do not regenerate when monsters are
                  | visible. [potion of mutation]
  2771 | D:4      | Gained mutation: You are partially covered in thin metallic
                  | scales. (AC +2) [potion of mutation]
  2783 | D:4      | Reached skill level 5 in Slings
  2783 | D:4      | Reached XP level 5. HP: 8/26 MP: 8/8
  2783 | D:4      | Engulfed by a cloud of flame

Skill      XL: |  1  2  3  4 |
---------------+-------------+-----
Hexes          | 4 |  4.3
Slings         | 3 4 5 |  5.0
Fighting       | 1 |  1.7
Polearms       | |  0.7
Dodging        | |  3.3
Spellcasting   | |  1.3

Action                   |  1- 3 |  4- 6 || total
-------------------------+-------+-------++-------
Melee: Spear             |    37 |       ||    37
 Fire: Hunting sling     |   148 |    72 ||   220
  Use: Potion            |       |     5 ||     5
       Scroll            |       |     3 ||     3
Armor: Robe              |    11 |     2 ||    13
Dodge: Dodged            |    66 |    43 ||   109
